 Dungeon Sprint DCSS version 0.31-a0-728-g01b46875f1 (webtiles) character file.

Game seed: 231524750268147835

380 fozzywoppz the Fighter (level 6, -3/48 HPs)
             Began as a Gargoyle Fighter on Sept 12, 2023.
             Was an Initiate of Okawaru.
             Slain by a shadow (19 damage)
             ... in the Dungeon (Sprint IX: "|||||||||||||||||||||||||||||").
             The game lasted 00:02:10 (188 turns).

fozzywoppz the Fighter (Gargoyle Fighter)            Turns: 188, Time: 00:02:11

Health: -3/48      AC: 19    Str: 23    XL:     6   Next: 75%
Magic:  6/8        EV:  7    Int:  8    God:    Okawaru [......]
Gold:   0          SH:  5    Dex: 14    Spells: 5/5 levels left

rFire   . . .        a - +0 flail
rCold   . . .        c - +0 buckler
rNeg    + . .        r - +0 plate armour
rPois   ∞            q - +0 helmet
rElec   +            p - +0 cloak
rCorr   .            (no gloves)
SInv    .            (no boots)
Will    .....        (no amulet) Stlth
                     n - +3 ring of dexterity
HPRegen 0.28/turn    o - +3 ring of strength
MPRegen 0.11/turn

%: no teleportation
@: mighty
A: sickness immunity, AC +4, negative energy resistance 1, electricity
resistance, torment resistance 1, petrification resistance
a: Renounce Religion


You were in the Dungeon.
You worshipped Okawaru.
Okawaru was noncommittal.
You visited 1 branch

Inventory:

Hand Weapons
 a - a +0 flail (weapon)
 s - a +1 broad axe of freezing
 t - a +2 scimitar of flaming
Armour
 b - a +0 scale mail
 c - a +0 buckler (worn)
 p - a +0 cloak (worn)
 q - a +0 helmet (worn)
 r - a +0 plate armour (worn)
Jewellery
 n - a +3 ring of dexterity (left hand)
 o - a +3 ring of strength (right hand)
Wands
 m - a wand of iceblast (10)
Scrolls
 j - 2 scrolls of blinking
 l - 2 scrolls of amnesia
Potions
 e - 5 potions of curing
 f - 2 potions of heal wounds
 g - a potion of haste
 h - 4 potions of magic
 i - a potion of berserk rage
 k - a potion of invisibility


   Skills:
 - Level 10.0 Fighting
 + Level 8.6 Maces & Flails
 + Level 6.1 Armour
 - Level 2.0 Dodging
 - Level 5.0 Shields
 + Level 3.2 Invocations


You had 5 spell levels left.
You didn't know any spells.
Your spell library was empty.

Dungeon Overview and Level Annotations

Branches:
Dungeon (1/1)

Altars:
Cheibriados
Dithmenos
Elyvilon
Fedhas
Gozag
Hepliaklqana
Kikubaaqudgha
Makhleb
Nemelex Xobeh
Okawaru
Qazlal
Ru
Sif Muna
Trog
Uskayaw
Vehumet
Wu Jian
Xom
Yredelemnul
Zin
The Shining One
Jiyva
Lugonu


Innate Abilities, Weirdness & Mutations

You are immune to sickness and miasma.
Your stone body is resilient. (AC +4)
You are immune to poison.
You resist negative energy. (rN+)
You are resistant to electric shocks. (rElec)
You are resistant to unholy torment.
You are immune to petrification.


Message History

You closely miss the vampire.
The vampire is almost destroyed.
The vampire casts a spell at you. You resist with significant effort.
You bludgeon the vampire!!
You destroy the vampire!
Okawaru is honoured by your kill.
The shadow strikes at you from the darkness!
Reactivating autopickup.
Training target 2.0 for Dodging reached!
Training target 10.0 for Fighting reached!
Your Fighting skill increases to level 10!
Your Maces & Flails skill increases to level 8!
Your Armour skill increases to level 6!
Your Dodging skill gained 2 levels and is now at level 2!
Your Invocations skill gained 3 levels and is now at level 3!
You barely miss the shadow. The shadow hits you.
You completely miss the shadow. You sock the shadow!
The shadow is heavily damaged.
The shadow barely misses you.
You barely miss the shadow.
The shadow is heavily damaged.
The shadow slips into darkness.
The shadow flickers and vanishes!
Deactivating autopickup; reactivate with Ctrl-A.
You closely miss something.
The shadow strikes at you from the darkness!
Reactivating autopickup.
You closely miss the shadow.
The shadow is heavily damaged.
The shadow hits you!
You closely miss the shadow.
The shadow is heavily damaged.
The shadow slips into darkness.
The shadow flickers and vanishes!
Deactivating autopickup; reactivate with Ctrl-A.
You hit something but do no damage.
The shadow strikes at you from the darkness!
You die... ▓▓▓▓▓▓▓▓▓▓▓▓▓▓▓▓▓▓▓▓▓▓▓▓ ..zcWO{@.....)..'_______ ▓▓▓▓▓▓▓▓▓▓▓▓▓▓▓▓▓▓▓▓▓▓▓▓

You could see a two-headed ogre, a wraith, a centaur and a wight.

Vanquished Creatures
  A vampire (D)
  A phantom (D)
  2 scorpions (D)
  An iguana (D)
  A gnoll (D)
  A dart slug (D)
  An endoplasm (D)
  A jackal (D)
  A quokka (D)
  A rat (D)
11 creatures vanquished.

Notes
Turn   | Place    | Note
-------+----------+-------------------------------------------
     0 | D        | fozzywoppz the Gargoyle Fighter began the quest for the
                  | Orb.
     0 | D        | Reached XP level 1. HP: 14/14 MP: 1/1
    21 | D        | Reached XP level 2. HP: 20/20 MP: 2/2
    28 | D        | Noticed a phantom
    28 | D        | Noticed a scorpion
    28 | D        | Noticed a scorpion
    34 | D        | Killed a scorpion
    35 | D        | Reached skill level 5 in Fighting
    35 | D        | Reached skill level 5 in Armour
    35 | D        | Reached skill level 5 in Shields
    35 | D        | Reached XP level 3. HP: 26/27 MP: 3/3
    35 | D        | Reached XP level 4. HP: 31/32 MP: 4/4
    42 | D        | Killed a scorpion
    43 | D        | Reached skill level 7 in Fighting
    43 | D        | Reached XP level 5. HP: 33/38 MP: 5/5
    57 | D        | Killed a phantom
    58 | D        | Reached skill level 8 in Fighting
    61 | D        | Reached skill level 9 in Fighting
    61 | D        | Reached XP level 6. HP: 46/46 MP: 6/6
    67 | D        | Found a snail-covered altar of Cheibriados.
    67 | D        | Found a shadowy altar of Dithmenos.
    67 | D        | Found a white marble altar of Elyvilon.
    67 | D        | Found a blossoming altar of Fedhas.
    67 | D        | Found an opulent altar of Gozag.
    68 | D        | Found a hazy altar of Hepliaklqana.
    69 | D        | Found a viscous altar of Jiyva.
    70 | D        | Found an ancient bone altar of Kikubaaqudgha.
    71 | D        | Found a corrupted altar of Lugonu.
    72 | D        | Found a burning altar of Makhleb.
    73 | D        | Found a sparkling altar of Nemelex Xobeh.
    74 | D        | Found an iron altar of Okawaru.
    75 | D        | Found a stormy altar of Qazlal.
    76 | D        | Found a sacrificial altar of Ru.
    77 | D        | Found a shimmering blue altar of Sif Muna.
    78 | D        | Found a bloodstained altar of Trog.
    79 | D        | Found a hide-covered altar of Uskayaw.
    80 | D        | Found a radiant altar of Vehumet.
    81 | D        | Found an ornate altar of the Wu Jian Council.
    82 | D        | Found a shimmering altar of Xom.
    83 | D        | Found a basalt altar of Yredelemnul.
    84 | D        | Found a glowing silver altar of Zin.
    85 | D        | Found a glowing golden altar of the Shining One.
    92 | D        | Became a worshipper of Warmaster Okawaru
   164 | D        | Noticed a two-headed ogre
   164 | D        | Noticed a wraith
   164 | D        | Noticed a shadow
   164 | D        | Noticed a vampire
   180 | D        | Killed a vampire
   181 | D        | Reached skill level 10 in Fighting
   188 | D        | Slain by a shadow

Illustrated notes

Levels and vault maps discovered:
D:        linesprint [early_d, line_temple, items_1, d_10, items_2, lair_1,
          lair_end, items_3, orc_1, orc_end, items_4, d_15, swamp_1, shoals_1,
          snake_1, spider_1, d_20, vaults_1, items_5, swamp_end, shoals_end,
          snake_end, spider_end, vaults_end, d_27, items_6, zot_1, zot_end,
          crypt_end, forest_end, elf_end, slime_end, tomb_end, abyss_end,
          pan_hell_end]

Skill      XL: |  1  2  3  4  5  6 |
---------------+-------------------+-----
Fighting       | 5 7 9 10 | 10.0
Maces & Flails | 4 6 7 8 |  8.6
Armour         | 5 6 |  6.1
Shields        | 5 |  5.0
Dodging        | 2 |  2.0
Invocations    | 3 |  3.2

Action                     |  1- 3 |  4- 6 || total
---------------------------+-------+-------++-------
  Melee: Flail             |    22 |    47 ||    69
    Use: Potion            |       |     2 ||     2
 Armour: Scale mail        |    15 |    11 ||    26
         Plate armour      |       |    28 ||    28
  Dodge: Dodged            |    10 |    12 ||    22
  Block: Buckler           |     3 |     4 ||     7

Table legend: (Time is in decaauts)
 A = Elapsed time spent in this place.
 B = Non-inter-level travel time spent in this place.
 C = Inter-level travel time spent in this place.
 D = Time resting spent in this place.
 E = Time spent auto-exploring this place.
 F = Levels seen in this place.
 G = Mean time per level.
                   A        B        C        D        E       F      G
               +--------+--------+--------+--------+--------+-----+--------+
         Total |    197 |    197 |      0 |      0 |      0 |   1 |  197.0 |
       Dungeon |    197 |    197 |      0 |      0 |      0 |   1 |  197.0 |
               +--------+--------+--------+--------+--------+-----+--------+

Top non-repeatable levels by time:
       D: 197 daAuts
